 Dungeon Crawl Stone Soup version 0.24-a0-341-g52ca42d (webtiles) character file.

Game seed: 4420446966811695624

10 CosmicVale the Grave Robber (level 2, -1/19 HPs)
             Began as a Vampire Necromancer on May 20, 2019.
             Slain by a hobgoblin
             ... wielding a +0 club
              (4 damage)
             ... on level 1 of the Dungeon.
             The game lasted 00:05:30 (485 turns).

CosmicVale the Grave Robber (Vampire Necromancer)    Turns: 485, Time: 00:05:30

Health: -1/19      AC:  2    Str:  7    XL:     2   Next: 10%
Magic:  5/5        EV: 13    Int: 17    God:
Gold:   35         SH:  0    Dex: 14    Spells: 3/5 levels left

rFire    . . .     SeeInvis +   g - +0 short sword
rCold    . . .     Gourm    .   (no shield)
rNeg     + . .     Faith    .   a - +0 robe
rPois    .         Spirit   .   (no helmet)
rElec    .         Reflect  .   (no cloak)
rCorr    .         Harm     .   (no gloves)
MR       .....                  (no boots)
Stlth    ++........             f - amulet of regeneration
HPRegen  0.46/turn              (no ring)
MPRegen  0.09/turn              (no ring)

@: no status effects
A: fangs 3, see invisible, unbreathing
a: no special abilities


You were on level 1 of the Dungeon.
You were not thirsty.

You visited 1 branch of the dungeon, and saw 1 of its levels.

You collected 35 gold pieces.

Inventory:

Hand Weapons
 b - a +0 short sword
 g - a +0 short sword (weapon)
Missiles
 e - 21 sling bullets
Armour
 a - a +0 robe (worn)
 h - a +0 ring mail
Jewellery
 f - an amulet of regeneration (around neck)
Scrolls
 i - a scroll of identify {unknown}
Potions
 c - a potion of blood
 d - a potion of mutation {unknown}


   Skills:
 + Level 2.4 Dodging
 + Level 3.0 Stealth
 + Level 2.0 Spellcasting
 + Level 4.8 Necromancy


You had 3 spell levels left.
You knew the following spells:

 Your Spells              Type           Power        Failure   Level  Hunger
a - Pain                  Necr           ###.         2%          1    #......
b - Animate Skeleton      Necr           N/A          2%          1    #......

Your spell library contained the following spells:

 Spells                   Type           Power        Failure   Level  Hunger
 Vampiric Draining        Necr           ###.......   9%          3    ###....
 Regeneration             Chrm/Necr      #.........   22%         3    ###....
 Animate Dead             Necr           N/A          26%         4    #####..


Dungeon Overview and Level Annotations

Branches:
Dungeon (1/15)

Altars:


Innate Abilities, Weirdness & Mutations

You have razor-sharp teeth.
You have supernaturally acute eyesight. (SInv)
You can survive without breathing.


Message History

The hobgoblin hits you but does no damage.
The bat hits you but does no damage.
You barely miss the hobgoblin.
The hobgoblin is severely wounded.
The bat barely misses you. The hobgoblin misses you. The bat misses you.
You hit the hobgoblin but do no damage.
The hobgoblin is severely wounded.
The bat hits you. The hobgoblin hits you with a +0 club.
You closely miss the hobgoblin.
The hobgoblin is severely wounded.
The bat barely misses you. The hobgoblin hits you with a +0 club.
* * * LOW HITPOINT WARNING * * *
You closely miss the hobgoblin.
The hobgoblin is severely wounded.
The bat barely misses you. The hobgoblin closely misses you.
You closely miss the hobgoblin.
The hobgoblin is severely wounded.
The bat closely misses you. The bat hits you but does no damage.
The hobgoblin hits you with a +0 club.
You die...

..# ##.#..###### .##
#.........)# .# .#
#..#..####%# .# .#
#..#..# #.# ..#
.#####.)#..# #.# ..#
.##.##..#..# #.# ...#
.#...#..#..####.##...##
...(....#.............#
........##......@g..#.#
.).....########..b......
.#...#.# ####.....#
.##.##.# ...... .....#.#
..... ........ .....
.....##. .... ........#
.... ..######


You could see a hobgoblin and a bat.

Vanquished Creatures
  A giant cockroach (D:1)
  A goblin (D:1)
  2 hobgoblins (D:1)
  4 kobolds (D:1)
  2 rats (D:1)
10 creatures vanquished.

Notes
Turn   | Place    | Note
-------+----------+-------------------------------------------
     0 | D:1      | CosmicVale the Vampire Necromancer began the quest for the
                  | Orb.
     0 | D:1      | Reached XP level 1. HP: 13/13 MP: 3/3
    12 | D:1      | Learned a level 1 spell: Animate Skeleton
   290 | D:1      | Reached XP level 2. HP: 17/19 MP: 1/5
   485 | D:1      | Slain by a hobgoblin

Levels and vault maps discovered:
D:1:      dpeg_arrival_ratfight, layout_loops_ring

Action                   || total
-------------------------++-------
Melee: Short sword       ||    27
 Cast: Pain              ||     8
       Animate Skeleton  ||     2
  Eat: Corpse            ||     3
Armor: Robe              ||     6
Dodge: Dodged            ||    25

Table legend:
 A = Non-vault XP
 B = Vault XP
 C = Vault XP percentage of total XP
 D = Non-vault monster count
 E = Vault monster count
 F = Vault count percentage of total count
                 A         B        C        D         E       F
            +---------+---------+-------+---------+---------+-------
      Total |      15 |       0 |   0.0 |      10 |       0 |   0.0
            +---------+---------+-------+---------+---------+-------
        D:1 |      15 |       0 |   0.0 |      10 |       0 |   0.0
            +---------+---------+-------+---------+---------+-------
